 Dungeon Crawl Stone Soup version 0.19.1-1-g22dce08 (webtiles) character file.

13771 dngmouse the Warrior (level 12, -8/184 HPs)
             Began as a Hill Orc Fighter on Jan 15, 2017.
             Was an Initiate of Makhleb.
             Killed from afar by Harold (16 damage)
             ... with a wand of acid
             ... on level 1 of the Orcish Mines.
             The game lasted 00:51:44 (12416 turns).

dngmouse the Warrior (Hill Orc Fighter)            Turns: 12416, Time: 00:51:46

Health: -8/184     AC: 23    Str: 23    XL:     12   Next: 9%
Magic:  0/15       EV:  2    Int:  8    God:    Makhleb [......]
Gold:   1844       SH:  5    Dex: 11    Spells: 0 memorised, 11 levels left

rFire  . . .     SeeInvis .     a - +0 war axe
rCold  . . .     Gourm    .     (armour currently unavailable)
rNeg   + + +     Faith    .     Z - +1 buckler {AC+3}
rPois  +         Spirit   +     (helmet currently unavailable)
rElec  .         Reflect  .     (cloak currently unavailable)
rCorr  .         Harm     .     (gloves currently unavailable)
MR     +....     Clarity  +     (boots currently unavailable)
Stlth  +......... NoTele   +    Q - amulet of guardian spirit
                                V - ring of positive energy
                                T - +2 ring of protection

@: tree-form, corroded
A: blink, clarity, magic resistance 1
a: Blink, Renounce Religion


You were on level 1 of the Orcish Mines.
You worshipped Makhleb.
Makhleb was noncommittal.
You were not hungry.
You were a tree.
You visited 3 branches of the dungeon, and saw 14 of its levels.
You also visited: Trove and Sewer.

You collected 1844 gold pieces.

Inventory:

Hand Weapons
 a - a +0 war axe (weapon)
 b - the +9 flail "Xuciecej" {speed, rF- MR++}
   (You found it on level 5 of the Dungeon)

   Attacks with this weapon are significantly faster.
   It makes you vulnerable to fire.
   It affects your resistance to hostile enchantments.
Missiles
 o - 10 tomahawks (quivered)
Armour
 r - a +0 plate armour (melded)
 x - a +0 pair of boots (melded)
 A - a +0 cloak of magic resistance (melded)
 S - a +2 hat (melded)
 Y - a +2 pair of gloves (melded)
 Z - a +1 buckler of protection (worn)
Jewellery
 u - an uncursed ring of protection from cold
 w - an uncursed ring of fire
 G - a +4 ring of evasion
 L - a +3 amulet of reflection
 Q - an amulet of guardian spirit (around neck)
 T - a +2 ring of protection (left branch)
 V - a ring of positive energy (right branch)
Wands
 B - a wand of lightning (6/15)
 C - a wand of acid (5/15)
 D - a wand of confusion (25/48)
 I - a wand of polymorph (14/24)
 J - a wand of random effects (31/48)
 K - a wand of acid (4/15)
 M - a wand of confusion (19/48)
 N - a wand of lightning (4/15)
 R - a wand of polymorph (11/24)
 U - a wand of paralysis (7/24)
 W - a wand of teleportation (3/9)
Scrolls
 e - 2 scrolls of recharging {unknown}
 g - 7 scrolls of remove curse
 h - 11 scrolls of identify
 j - 2 scrolls of teleportation
 s - 2 scrolls of acquirement {unknown}
 t - 2 scrolls of enchant weapon {unknown}
 v - 5 scrolls of enchant armour {unknown}
 y - 2 scrolls of fog {unknown}
 z - a scroll of random uselessness {unknown}
 F - 2 scrolls of blinking {unknown}
 H - 2 scrolls of fear {unknown}
Potions
 d - 2 potions of might
 i - 3 potions of flight
 l - a potion of curing
 p - a potion of cure mutation
 E - a potion of lignification
Miscellaneous
 c - a box of beasts
Comestibles
 f - 6 bread rations
 k - 9 fruits
 m - 2 beef jerkies
 n - 10 meat rations
 q - a slice of pizza
 P - 7 royal jellies
 X - 4 chunks of flesh


   Skills:
 * Level 16.3 Fighting
 - Level 12.0 Axes
 + Level 8.6 Armour
 - Level 3.2 Shields
 - Level 5.0 Evocations


You had 11 spell levels left.
You didn't know any spells.

Dungeon Overview and Level Annotations

Branches:
Dungeon (12/15)            Temple (1/1) D:5            Lair (0/6) D:8
    Orc (1/2) D:12

Altars:
Ashenzari
Cheibriados
Dithmenos
Elyvilon
Fedhas
Gozag
Hepliaklqana
Kikubaaqudgha
Makhleb
Nemelex Xobeh
Okawaru
Qazlal
Ru
Sif Muna
Trog
Uskayaw
Vehumet
Xom
Yredelemnul
Zin
The Shining One

Annotations:
D:10 Snorg
Orc:1 Harold


Innate Abilities, Weirdness & Mutations

You can translocate small distances at will.
You possess an exceptional clarity of mind.
You are resistant to hostile enchantments. (MR+)


Message History

You feel better.
The orc wizard gestures wildly while chanting.
Harold casts a spell.
Harold blinks!
The orc warrior hits you with a flail.
* * * LOW HITPOINT WARNING * * *
You cannot move.
You miss the orc wizard.
The orc wizard is severely wounded.
You hit the orc warrior. You slash the orc!
You kill the orc!
Makhleb accepts your kill.
The orc wizard hits you but does no damage.
The orc wizard completely misses you.
You hit the orc wizard.
You kill the orc wizard!
Makhleb accepts your kill.
You hit the orc warrior but do no damage.
Harold zaps a wand.
Helpless, you fail to dodge the bolt of acid.
You die...

##.#.......##............
#.......#....#...........
##.#.................#..
##....................#
##.....................#..
##....................$...o
#.........>................
##.............o).....#....
#.............♣§...(## . .
#........#....)).(.##
##............).#.($#
#.....#......###...##
##.#.##..@....#...##
#..............#.##
#.....#.#..........#
##...##.._)#.#.##.## #...#
#.#.....#.##.##


You could see Harold and an orc warrior.

Vanquished Creatures
  A hydra (D:11)
  Erica (D:9)
  An unseen horror (D:11)
  A hill giant (D:12)
  Pikel (D:8)
  An orc sorcerer (Orc:1)
  An ugly thing (D:12)
  A kobold demonologist (D:11)
  A queen bee (D:9)
  A two-headed ogre (D:11)
  Grinder (D:4)
  A hippogriff (D:12)
  A vampire (D:12)
  A shadow (D:11)
  A water elemental (D:12)
  A wraith (D:10)
  Menkaure (D:7)
  A hungry ghost (D:8)
  2 water moccasins
  10 orc warriors
  4 phantoms
  2 sky beasts
  2 hell hounds (D:8)
  3 black bears
  3 slaves (D:8)
  3 ice beasts
  2 necrophages (D:10)
  6 ogres
  4 centaurs
  A crocodile (D:11)
  6 big kobolds
  7 bullfrogs
  4 scorpions
  9 wights (D:12)
  16 killer bees (D:9)
  2 howler monkeys
  3 centaur zombies
  5 electric eels
  9 crimson imps
  A quasit (D:8)
  13 orc priests
  2 centaur skeletons
  7 hounds
  5 jellies
  A bullfrog skeleton (D:12)
  12 orc wizards
  4 iguanas
  14 worker ants
  13 adders
  A gnoll (D:1)
  2 river rats (Sewer)
  A shadow imp (D:11)
  2 oozes
  An adder skeleton (D:4)
  4 worms
  A dart slug (D:2)
  6 leopard geckos
  58 orcs
  7 giant cockroaches
  9 hobgoblins
  10 jackals
  27 kobolds
  5 quokkas
  A ball python (D:1)
  7 bats
  4 frilled lizards
  5 goblins
  9 rats
353 creatures vanquished.

Vanquished Creatures (others)
  An orc wizard (D:8)
  2 orcs
3 creatures vanquished.

Grand Total: 356 creatures vanquished

Notes
Turn   | Place    | Note
-------+----------+-------------------------------------------
     0 | D:1      | dngmouse the Hill Orc Fighter began the quest for the Orb.
     0 | D:1      | Reached XP level 1. HP: 19/19 MP: 1/1
   170 | D:1      | Reached XP level 2. HP: 27/27 MP: 2/2
   300 | D:1      | Reached XP level 3. HP: 29/33 MP: 3/3
   703 | D:1      | Reached skill level 4 in Fighting
   862 | D:2      | Reached skill level 5 in Axes
  1041 | D:2      | Reached XP level 4. HP: 36/40 MP: 4/4
  1442 | D:3      | Reached XP level 5. HP: 46/46 MP: 5/5
  1587 | D:3      | Found an opulent altar of Gozag.
  1588 | D:3      | Found a sparkling altar of Nemelex Xobeh.
  2005 | D:3      | Found a blossoming altar of Fedhas.
  2205 | D:4      | Reached XP level 6. HP: 52/52 MP: 6/6
  2558 | D:4      | Found an opulent altar of Gozag.
  2569 | D:4      | Noticed Grinder
  2573 | D:4      | Paralysed by Grinder for 2 turns
  2580 | D:4      | Killed Grinder
  2580 | D:4      | Reached skill level 10 in Axes
  2580 | D:4      | Reached XP level 7. HP: 45/59 MP: 7/7
  2778 | D:4      | You fall through a shaft for 2 floors!
  2814 | D:6      | Found a shadowy altar of Dithmenos.
  2814 | D:6      | Found a glowing silver altar of Zin.
  2854 | D:6      | Found a deep blue altar of Sif Muna.
  2899 | D:6      | Found a glowing drain.
  2938 | Sewer    | Entered a sewer
  3151 | Sewer    | Found a white marble altar of Elyvilon.
  3238 | D:5      | Entered Level 5 of the Dungeon
  3426 | D:5      | Reached XP level 8. HP: 64/66 MP: 8/8
  3788 | D:5      | Got a smoking flail
  3789 | D:5      | Identified the +9 flail "Xuciecej" {speed, rF- MR++} (You found it on level 5 of the Dungeon)
  3831 | D:5      | Reached skill level 5 in Fighting
  4021 | D:5      | Reached skill level 6 in Fighting
  4030 | D:5      | Found a staircase to the Ecumenical Temple.
  4037 | Temple   | Entered the Ecumenical Temple
  4079 | Temple   | Became a worshipper of Makhleb the Destroyer
  4151 | D:5      | Found an ancient bone altar of Kikubaaqudgha.
  4374 | D:6      | Reached skill level 7 in Fighting
  4397 | D:6      | You fall through a shaft for 3 floors!
  4482 | D:8      | Found a staircase to the Lair.
  4617 | D:8      | Reached skill level 8 in Fighting
  4655 | D:8      | Reached XP level 9. HP: 13/82 MP: 9/9
  4956 | D:8      | Reached skill level 9 in Fighting
  5315 | D:7      | Noticed Menkaure
  5322 | D:7      | Killed Menkaure
  5357 | D:7      | Reached skill level 10 in Fighting
  5634 | D:6      | Reached * piety under Makhleb
  6139 | D:6      | Reached skill level 11 in Fighting
  6414 | D:7      | Gained mutation: You possess an exceptional clarity of mind. [potion of mutation]
  6414 | D:7      | Gained mutation: You are resistant to hostile enchantments. (MR+) [potion of mutation]
  6414 | D:7      | Gained mutation: You can translocate small distances at will. [potion of mutation]
  6507 | D:7      | Found a basalt altar of Yredelemnul.
  6727 | D:8      | Reached skill level 12 in Fighting
  6860 | D:8      | Found a sacrificial altar of Ru.
  6881 | D:8      | Found an iron altar of Okawaru.
  6883 | D:8      | Found a shattered altar of Ashenzari.
  6937 | D:8      | Reached ** piety under Makhleb
  6937 | D:8      | Reached skill level 1 in Evocations
  6937 | D:8      | Reached XP level 10. HP: 97/97 MP: 10/10
  6988 | D:8      | Noticed Pikel
  7022 | D:8      | Killed Pikel
  7518 | D:9      | Reached skill level 13 in Fighting
  7550 | D:9      | Reached skill level 5 in Armour
  7578 | D:9      | Reached *** piety under Makhleb
  7709 | D:9      | Noticed Erica
  7721 | D:9      | Killed Erica
  7817 | D:9      | Found a shadowy altar of Dithmenos.
  8075 | D:10     | Entered Level 10 of the Dungeon
  8097 | D:10     | Reached XP level 11. HP: 107/107 MP: 14/14
  8162 | D:10     | Reached skill level 14 in Fighting
  8524 | D:10     | Reached skill level 5 in Evocations
  9198 | D:10     | Noticed Snorg
  9443 | D:11     | Reached **** piety under Makhleb
  9452 | D:11     | Killed an unseen horror
  9597 | D:11     | Noticed a four-headed hydra
  9609 | D:11     | Killed a four-headed hydra
  9609 | D:11     | Reached skill level 15 in Fighting
 10854 | D:12     | HP: 3/112 [electric eel/bolt of electricity (6)]
 11184 | D:12     | Noticed a green ugly thing
 11209 | D:12     | Killed a green ugly thing
 11432 | D:12     | Noticed a hill giant
 11438 | D:12     | Found a staircase to the Orcish Mines.
 11461 | D:12     | HP: 2/113 [hill giant/giant club (6)]
 11463 | D:12     | Killed a hill giant
 11463 | D:12     | Reached skill level 16 in Fighting
 11490 | D:12     | Reached ***** piety under Makhleb
 11731 | D:12     | Found a portal to a secret trove of treasure.
 11733 | D:12     | Found a blossoming altar of Fedhas.
 11743 | Trove    | Entered a treasure trove
 11902 | Orc:1    | Entered Level 1 of the Orcish Mines
 11904 | Orc:1    | Found a shimmering altar of Xom.
 11926 | Orc:1    | Reached XP level 12. HP: 122/122 MP: 11/15
 12362 | Orc:1    | Noticed Harold
 12413 | Orc:1    | HP: 3/184 [Harold/bolt of fire (17)]
 12416 | Orc:1    | Killed from afar by Harold

Skill      XL: |  1  2  3  4  5  6  7  8  9 10 11 |
---------------+----------------------------------+-----
Axes           | 3 4 5 6 8 10 11 12 | 12.0
Fighting       | 4 8 12 13 16 | 16.3
Evocations     | 1 4 5 |  5.0
Armour         | 5 8 |  8.6
Shields        | |  3.2

Action                   |  1- 3 |  4- 6 |  7- 9 | 10-12 || total
-------------------------+-------+-------+-------+-------++-------
Melee: War axe           |   143 |   157 |   254 |   212 ||   766
       Flail             |       |       |   164 |   385 ||   549
Throw: Tomahawk          |       |       |       |     5 ||     5
Evoke: Wand              |       |       |       |     3 ||     3
  Use: Scroll            |       |       |     5 |     3 ||     8
       Potion            |       |       |    11 |     6 ||    17
  Eat: Chunk             |     1 |     5 |    14 |    17 ||    37
       Fruit             |       |       |     1 |     1 ||     2
Armor: Scale mail        |    60 |     7 |       |       ||    67
       Chain mail        |       |    14 |       |       ||    14
       Plate armour      |       |    67 |   199 |   235 ||   501
       Skin              |       |       |       |    34 ||    34
Dodge: Dodged            |    52 |    17 |    52 |   131 ||   252
Block: Shield            |    86 |    72 |   145 |   213 ||   516
       Buckler           |       |       |       |    15 ||    15
